[Event "Titled Tuesday Blitz May 2 Late 2023"]
[White "Marek, Matyas"]
[Black "Prydun, Andriy"]
[WhiteFideId "335398"]
[BlackFideId "14145898"]
[WhiteElo "2279"]
[BlackElo "2164"]
[Result "0-1"]
[Round "11"]
[TimeControl "180+2"]
[Date "2023.05.02"]
[WhiteClock "0:00:15"]
[BlackClock "0:00:08"]

1. Nf3 g6 2. g3 Bg7 3. Bg2 e5 4. O-O Ne7 5. d3 O-O 6. e4 Nbc6 7. Nbd2 d5 8. Re1 h6 9. c3 g5 10. b4 a6 11. Bb2 Be6 12. a4 d4 13. b5 dxc3 14. Bxc3 Nd4 15. Nxd4 exd4 16. Bb4 g4 17. Nc4 Re8 18. Rc1 axb5 19. axb5 Ng6 20. b6 Bxc4 21. bxc7 Qxc7 22. Rxc4 Qd7 23. Rc5 Ne5 24. Rd5 Qa4 25. Qd2 Nxd3 26. Qxd3 Qxb4 27. Rb1 Qc3 28. Bf1 Ra3 29. Qe2 Qf3 30. Rf5 Qxf5 31. exf5 Rxe2 32. Bxe2 h5 33. Rxb7 d3 34. Bxd3 Rxd3 35. Kg2 Rd5 36. h3 Rxf5 37. hxg4 hxg4 38. Rb4 Rg5 39. Kf1 Kh7 40. Ke2 Kg6 41. Ke3 Bh6 42. Ke4 Rf5 43. Rb6+ Rf6 44. Rb2 Rf3 45. Re2 f5+ 46. Ke5 Bg7+ 47. Ke6 Bf6 48. Rc2 Rd3 49. Rc5 Rd2 50. Rc6 Re2+ 51. Kd5 Rxf2 52. Rb6 Rf3 53. Ke6 Re3+ 54. Kd7 Rxg3 55. Ke8 Re3+ 56. Kf8 Rd3 57. Rb8 Rd8+ 58. Rxd8 Bxd8 59. Ke8 Bb6 0-1


[Site "https://www.chess.com"]

[Event "Titled Tuesday Blitz May 2 Late 2023"]
[White "Yoo, Christopher Woojin"]
[Black "Kavutskiy, Konstantin"]
[WhiteFideId "30909694"]
[BlackFideId "2026384"]
[WhiteElo "2519"]
[BlackElo "2323"]
[Result "1-0"]
[Round "11"]
[TimeControl "180+2"]
[Date "2023.05.02"]
[WhiteClock "0:02:20"]
[BlackClock "0:00:28"]

1. e4 c5 2. Nf3 Nc6 3. b4 cxb4 4. d4 d5 5. exd5 Qxd5 6. c4 Qa5 7. d5 Nb8 8. Bb2 Nf6 9. Nbd2 e6 10. Nb3 Qd8 11. Qc2 exd5 12. cxd5 Bd6 13. Bd3 Qe7+ 14. Kf1 O-O 15. Re1 Qd8 16. h4 Bg4 17. Ng5 h6 18. Bh7+ Kh8 19. Bg8 g6 20. Nxf7+ Rxf7 21. Bxf7 Bf5 22. Qd2 Kg7 23. Be6 Nd7 24. Bxf5 gxf5 25. Nd4 1-0


[Site "https://www.chess.com"]

[Event "Titled Tuesday Blitz May 2 Late 2023"]
[White "Karas, Marek"]
[Black "Goltsev, Dmitry"]
[WhiteFideId "14928558"]
[BlackFideId "24176710"]
[WhiteElo "2233"]
[BlackElo "2336"]
[Result "0-1"]
[Round "11"]
[TimeControl "180+2"]
[Date "2023.05.02"]
[WhiteClock "0:00:02"]
[BlackClock "0:00:05"]

1. h4 e5 2. c4 Bc5 3. e3 Nf6 4. g4 d5 5. g5 Ne4 6. d3 Bb4+ 7. Nd2 Nxd2 8. Bxd2 Be7 9. Qa4+ Bd7 10. Qb3 Bc6 11. Rh2 dxc4 12. Qxc4 Nd7 13. Bg2 Bxg2 14. Rxg2 Nb6 15. Qe4 Qd5 16. Qxd5 Nxd5 17. Nf3 f6 18. gxf6 Bxf6 19. Ke2 O-O-O 20. Ng5 Rd7 21. Ne4 Rhd8 22. Rd1 Ne7 23. Bc3 Nf5 24. h5 b6 25. a3 c5 26. Ng3 Nd6 27. Rgg1 b5 28. Ba5 Re8 29. Rc1 Nb7 30. Bc3 Kb8 31. Ne4 a5 32. h6 Ka7 33. hxg7 Bxg7 34. Be1 Rc8 35. Rh1 Bf8 36. Rh5 Re7 37. b4 axb4 38. axb4 c4 39. dxc4 bxc4 40. Bc3 Kb6 41. Rxe5 Rxe5 42. Bxe5 Bxb4 43. Rb1 Ka5 44. Bc3 Bxc3 45. Rxb7 Bb4 46. Kd1 Re8 47. f3 Rg8 48. Rc7 Rg1+ 49. Ke2 Rg2+ 50. Kd1 Kb5 51. Rc8 h5 52. Kc1 h4 53. Rh8 Rh2 54. Rh5+ Ka4 0-1


[Site "https://www.chess.com"]

[Event "Titled Tuesday Blitz May 2 Late 2023"]
[White "Shapiro, Viktor"]
[Black "Baskin, Robert"]
[WhiteFideId "4175700"]
[BlackFideId "24662402"]
[WhiteElo "2152"]
[BlackElo "2472"]
[Result "1-0"]
[Round "11"]
[TimeControl "180+2"]
[Date "2023.05.02"]
[WhiteClock "0:02:06"]
[BlackClock "0:02:10"]

1. c4 e5 2. Nc3 Nf6 3. g3 Bb4 4. Bg2 O-O 5. Nf3 Re8 6. O-O c6 7. d4 e4 8. Ne1 d5 9. cxd5 cxd5 10. Nc2 Bxc3 11. bxc3 Nc6 12. Bg5 h6 13. Bxf6 Qxf6 14. Ne3 Be6 15. f3 exf3 16. Bxf3 Qg5 17. Qd3 Bh3 18. Ng2 Rac8 19. Rab1 Bf5 20. Qb5 Bxb1 21. Rxb1 Ne7 22. Nf4 Rxc3 23. Qxe8+ Kh7 24. Qxf7 b6 25. Ne6 Qe3+ 26. Kg2 1-0


[Site "https://www.chess.com"]

[Event "Titled Tuesday Blitz May 2 Late 2023"]
[White "Yeritsyan, Hayk"]
[Black "Adewumi, Tanitoluwa"]
[WhiteFideId "13307320"]
[BlackFideId "30966396"]
[WhiteElo "2241"]
[BlackElo "2283"]
[Result "1-0"]
[Round "11"]
[TimeControl "180+2"]
[Date "2023.05.02"]
[WhiteClock "0:00:07"]
[BlackClock "0:00:07"]

1. d4 Nf6 2. Nf3 e6 3. e3 b6 4. Bd3 Bb7 5. Nbd2 d5 6. Ne5 Bd6 7. f4 Nbd7 8. O-O c5 9. c3 Ne4 10. Nxe4 dxe4 11. Bb5 Bxe5 12. fxe5 O-O 13. Bxd7 Qxd7 14. Qg4 Kh8 15. Qg5 Ba6 16. Rf4 Qb5 17. Bd2 Qd3 18. Rg4 Rg8 19. Rh4 Rgf8 20. Rg4 Rg8 21. Rh4 g6 22. Qf6+ Rg7 23. Qf2 Rf8 24. h3 f5 25. exf6 Rgf7 26. Be1 Rxf6 27. Qg3 Kg8 28. Kh2 Qf1 29. dxc5 bxc5 30. c4 Bxc4 31. b3 Be2 32. Bc3 Qf2 33. Bxf6 Qxg3+ 34. Kxg3 Rxf6 35. Rxe4 Kg7 36. Rf4 Rf5 37. Rxf5 gxf5 38. Kf4 Kf6 39. e4 e5+ 40. Ke3 Bb5 41. exf5 Kxf5 42. g3 h5 43. h4 Kg4 44. Kf2 e4 45. Rc1 e3+ 46. Kxe3 Kxg3 47. Rxc5 Be8 48. Rc4 Bf7 49. Rd4 a5 50. Ra4 Bg6 51. Rxa5 Kxh4 52. Kf2 Kh3 53. Rg5 Bf7 54. Rg7 Be6 55. Rg6 Bf7 56. Rh6 h4 57. Kf3 Bd5+ 58. Kf4 1-0


[Site "https://www.chess.com"]

[Event "Titled Tuesday Blitz May 2 Late 2023"]
[White "Mortazavi, Ali"]
[Black "Suvorov, Luca"]
[WhiteFideId "401323"]
[BlackFideId "12977071"]
[WhiteElo "2339"]
[BlackElo "2202"]
[Result "0-1"]
[Round "11"]
[TimeControl "180+2"]
[Date "2023.05.02"]
[WhiteClock "0:00:03"]
[BlackClock "0:00:44"]

1. e4 c6 2. Nc3 d5 3. Qf3 e6 4. d3 Nf6 5. g3 Bb4 6. Bd2 Nbd7 7. Bg2 d4 8. Nb1 Bxd2+ 9. Nxd2 Qa5 10. Qe2 O-O 11. Nf3 e5 12. O-O b5 13. Nh4 Qb4 14. Rab1 Qc5 15. Nf5 g6 16. Nh4 Nb6 17. Rfc1 Be6 18. b4 Qd6 19. Nb3 Na4 20. Qd2 Nc3 21. Rb2 Qxb4 22. Qg5 Nd1 23. Rxd1 Kg7 24. Rbb1 Qc3 25. Qxe5 Rfd8 26. Nc5 Bxa2 27. Ra1 Qxc2 28. Rdc1 Qb2 29. Qg5 Be6 30. e5 Ng8 31. Rab1 Qa3 32. Nxe6+ fxe6 33. Rxc6 Rac8 34. h3 Rxc6 35. Qxd8 Qxd3 36. Qd7+ Kh8 37. Rf1 Ra6 38. Nf3 Qf5 39. Nxd4 Qxe5 40. Nc6 Qf6 41. h4 Ra2 42. Nd8 Qe7 43. Qd4+ e5 44. Qd5 Re2 45. Nf7+ Kg7 46. Ng5 h6 47. Ne6+ Kh7 48. h5 Nf6 49. hxg6+ Kh8 50. Qc6 Rd2 51. g7+ Kh7 52. Be4+ Kg8 53. Bf5 Rd6 54. Qc8+ Kf7 55. Qc2 Rxe6 56. Bxe6+ Qxe6 57. Re1 Kxg7 58. Qc3 e4 59. Qd4 a5 60. Rc1 a4 61. Rc7+ Kg6 62. Rb7 a3 63. Rb6 Qf5 64. Ra6 e3 65. Qxe3 a2 66. Ra3 b4 67. Ra6 b3 68. Kg2 b2 0-1


[Site "https://www.chess.com"]

[Event "Titled Tuesday Blitz May 2 Late 2023"]
[White "Onslow, Alfie"]
[Black "Kleiman, Jake"]
[WhiteFideId "436976"]
[BlackFideId "2020041"]
[WhiteElo "2114"]
[BlackElo "2399"]
[Result "0-1"]
[Round "11"]
[TimeControl "180+2"]
[Date "2023.05.02"]
[WhiteClock "0:00:03"]
[BlackClock "0:00:07"]

1. Nf3 e6 2. c4 Nf6 3. g3 d5 4. Bg2 dxc4 5. O-O a6 6. Na3 Bxa3 7. bxa3 Nc6 8. a4 e5 9. Ba3 Be6 10. Rb1 Rb8 11. Ng5 Bd5 12. e4 Be6 13. Nxe6 fxe6 14. f4 Qd3 15. Rf3 Qd4+ 16. Kh1 Nxe4 17. Qc2 Nxd2 18. Rd1 Nxf3 19. Rxd4 Nfxd4 20. Qxc4 Kf7 21. fxe5 Rhe8 22. Be4 h6 23. Qf1+ Kg8 24. Qh3 Nxe5 25. Qh5 Nf7 26. Bb2 Rbd8 27. Bg6 Re7 28. Qc5 Red7 29. Bxd4 Rxd4 30. Qxc7 R4d7 31. Qc4 Re7 32. Qe4 Rf8 33. Bh7+ Kh8 34. Bg6 Ng5 35. Qe5 Nf3 36. Qe3 Ng5 37. h4 Nh7 38. Qe4 Nf6 39. Qe5 Rd8 40. Bc2 Red7 41. Bb3 Re7 42. Kh2 Ng4+ 0-1


[Site "https://www.chess.com"]

[Event "Titled Tuesday Blitz May 2 Late 2023"]
[White "Adan Bermudez, Sergio"]
[Black "Osmonbekov, Talaibek"]
[WhiteFideId "2292726"]
[BlackFideId "2017253"]
[WhiteElo "2292"]
[BlackElo "2135"]
[Result "0-1"]
[Round "11"]
[TimeControl "180+2"]
[Date "2023.05.02"]
[WhiteClock "0:01:43"]
[BlackClock "0:00:47"]

1. c4 e5 2. Nc3 d6 3. g3 f5 4. Bg2 Nf6 5. d4 e4 6. f3 Qe7 7. fxe4 fxe4 8. Bg5 Bf5 9. Nd5 Qf7 10. Bxf6 gxf6 11. Qb3 c6 12. Nxf6+ Qxf6 13. Qxb7 Bh6 14. Qxa8 O-O 15. Qxa7 Be3 16. Nh3 Bxd4 17. Qb7 Bxh3 18. Rf1 Bf2+ 0-1


[Site "https://www.chess.com"]

[Event "Titled Tuesday Blitz May 2 Late 2023"]
[White "Sun, Rick"]
[Black "Shubenkova, Veronika"]
[WhiteFideId "30909481"]
[BlackFideId "44124040"]
[WhiteElo "2169"]
[BlackElo "2027"]
[Result "1-0"]
[Round "11"]
[TimeControl "180+2"]
[Date "2023.05.02"]
[WhiteClock "0:00:12"]
[BlackClock "0:01:07"]

1. d4 d5 2. Nc3 e6 3. Bf4 c6 4. e3 f5 5. Bd3 Nf6 6. f3 Bd6 7. Bxd6 Qxd6 8. f4 Nbd7 9. Nf3 b6 10. Qe2 O-O 11. O-O Ne4 12. Ne5 Nxe5 13. fxe5 Nxc3 14. bxc3 Qa3 15. Qd2 c5 16. Rfb1 c4 17. Be2 Qe7 18. Kh1 Bd7 19. Rg1 Qg5 20. Raf1 Qh6 21. Rf3 g5 22. Rh3 Qg7 23. g4 f4 24. Rf3 fxe3 25. Qxe3 Rxf3 26. Bxf3 Rf8 27. Kg2 Rf4 28. Rf1 Qg6 29. Rf2 Ba4 30. Bd1 Qe4+ 31. Qxe4 dxe4 32. Kg3 Rf7 33. Rxf7 Kxf7 34. Kf2 Bc6 35. Ke3 h6 36. Be2 Ke7 37. Bf1 Ba4 38. Kd2 e3+ 39. Kd1 Bc6 40. Bxc4 Bf3+ 41. Be2 Be4 42. h3 Bg2 43. Ke1 Kd7 44. Bf1 Bf3 45. Be2 Be4 46. Bd1 Bg2 47. Ke2 Bxh3 48. Kxe3 Bg2 49. Bf3 Bf1 50. Be2 Bg2 51. c4 Bb7 52. Bf3 Ba6 53. Kd3 b5 54. cxb5 Bxb5+ 55. c4 Ba4 56. d5 exd5 57. cxd5 Bb5+ 58. Kd4 Ke7 59. Be4 Be2 60. d6+ Kd8 61. Bf5 Bf3 62. e6 Ke8 63. Bg6+ Kd8 64. e7+ Kd7 65. e8=Q+ Kxd6 66. Qe5+ Kd7 67. Qf5+ Kd6 68. Qxf3 a5 69. Qd5+ Ke7 70. Ke5 a4 71. Qd6# 1-0


[Site "https://www.chess.com"]

[Event "Titled Tuesday Blitz May 2 Late 2023"]
[White "D`Arruda, Ricardo D."]
[Black "Vlassov, Nikolai"]
[WhiteFideId "100692"]
[BlackFideId "4103360"]
[WhiteElo "2271"]
[BlackElo "2324"]
[Result "1-0"]
[Round "11"]
[TimeControl "180+2"]
[Date "2023.05.02"]
[WhiteClock "0:00:08"]
[BlackClock "0:00:01"]

1. Nf3 c5 2. c4 g6 3. Nc3 Bg7 4. g3 Nc6 5. Bg2 d6 6. O-O Nh6 7. e3 Nf5 8. d4 cxd4 9. exd4 Nfxd4 10. Nxd4 Nxd4 11. Re1 O-O 12. Be3 Nf5 13. Bg5 Bxc3 14. bxc3 f6 15. Bd2 Rb8 16. h4 b6 17. h5 Bb7 18. hxg6 hxg6 19. Qg4 Kg7 20. Bd5 Bxd5 21. cxd5 Rb7 22. Re4 Rc7 23. Rae1 Rf7 24. Qh3 Qh8 25. Qg2 Qc8 26. Qh1 Kg8 27. Qf3 Rh7 28. Qg4 Kf7 29. Qf3 Rc4 30. Qe2 Rxe4 31. Qxe4 Qd7 32. c4 Rh8 33. a4 Ng7 34. a5 bxa5 35. Bxa5 Re8 36. Bc3 Qf5 37. Qe3 Qd7 38. Ra1 Ra8 39. Qe2 a6 40. Rb1 Qc7 41. Qa2 a5 42. Rb5 a4 43. Rb4 Qd7 44. Bb2 Nf5 45. Ba3 Kg7 46. Qb2 Ra7 47. Rb8 e5 48. dxe6 Qxe6 49. c5 dxc5 50. Bxc5 Rd7 51. Bf8+ Kf7 52. Bb4 Qd5 53. Kh2 Kg7 54. Bf8+ Kf7 55. Bb4 Qd4 56. Qa2+ Qd5 57. Qc2 Nd4 58. Qc8 Nf3+ 59. Kg2 Ng5+ 60. Kh2 Nf3+ 61. Kg2 1-0


[Site "https://www.chess.com"]

[Event "Titled Tuesday Blitz May 2 Late 2023"]
[White "Kubatko, Ivan"]
[Black "Leenhouts, Koen"]
[WhiteFideId "24111473"]
[BlackFideId "1008439"]
[WhiteElo "2285"]
[BlackElo "2409"]
[Result "1-0"]
[Round "11"]
[TimeControl "180+2"]
[Date "2023.05.02"]
[WhiteClock "0:00:01"]
[BlackClock "0:00:03"]

1. e4 c5 2. c3 Nf6 3. e5 Nd5 4. g3 d6 5. exd6 Qxd6 6. Bg2 Nc6 7. Nf3 Bg4 8. h3 Bh5 9. O-O O-O-O 10. d4 cxd4 11. cxd4 e6 12. Nc3 Nxc3 13. bxc3 Be7 14. Bf4 Qa3 15. Rb1 Bd6 16. Bd2 Bg6 17. Rc1 Kb8 18. Nh4 Qa6 19. Nxg6 hxg6 20. Rb1 Rc8 21. Qf3 Rc7 22. Rfc1 Rhc8 23. Bf4 Bxf4 24. Qxf4 Ka8 25. c4 e5 26. dxe5 Qxa2 27. Ra1 Qb2 28. e6 fxe6 29. Rcb1 Qe5 30. Qd2 Qd4 31. Qe1 Qxc4 32. Bf1 Qc5 33. Rb5 Qd6 34. Bg2 Nd4 35. Rba5 Nc6 36. Bxc6 bxc6 37. Qe3 c5 38. Qf3+ Qd5 39. Qg4 Rb7 40. Qxg6 Rcb8 41. Kh2 Qf3 42. Kg1 1-0


[Site "https://www.chess.com"]

[Event "Titled Tuesday Blitz May 2 Late 2023"]
[White "Dobrowolski, Piotr"]
[Black "Topalov, Aleksandar"]
[WhiteFideId "1106236"]
[BlackFideId "925659"]
[WhiteElo "2320"]
[BlackElo "2151"]
[Result "1-0"]
[Round "11"]
[TimeControl "180+2"]
[Date "2023.05.02"]
[WhiteClock "0:00:12"]
[BlackClock "0:00:04"]

1. e4 e6 2. Nf3 d5 3. Nc3 Nf6 4. e5 Ng8 5. Ne2 Ne7 6. d4 b6 7. Nf4 Qd7 8. h4 h5 9. Ng5 g6 10. Qf3 Nf5 11. c3 Ba6 12. Bxa6 Nxa6 13. a4 c5 14. Qd3 Nc7 15. g3 Be7 16. Bd2 Bxg5 17. hxg5 c4 18. Qc2 O-O-O 19. b3 cxb3 20. Qxb3 Qc6 21. Bc1 Kb7 22. Ba3 Ka8 23. a5 b5 24. Nd3 Na6 25. Bc5 Nxc5 26. Nxc5 a6 27. Kd2 Ka7 28. Qb4 Rc8 29. Rh3 Rhd8 30. f3 Qe8 31. Rb1 Rb8 32. g4 hxg4 33. fxg4 Ne7 34. Rh7 Nc6 35. Qa3 Rdc8 36. Rf1 Rc7 37. Nd3 b4 38. Nxb4 Nxb4 39. cxb4 Qb5 40. Rfxf7 Rxf7 41. Rxf7+ Rb7 42. Rxb7+ Kxb7 43. Qc3 Qf1 44. Qe3 Qg2+ 45. Kc3 Qxg4 46. Kb3 Qd1+ 47. Kb2 Kc6 48. Qc3+ Kb7 49. Ka3 Qg4 50. Qc5 Qf3+ 51. Kb2 Qe2+ 52. Qc2 Qg4 53. Qd3 Qxg5 54. b5 Qg2+ 55. Ka3 Qg1 56. bxa6+ Ka7 57. Qc3 1-0


[Site "https://www.chess.com"]

[Event "Titled Tuesday Blitz May 2 Late 2023"]
[White "Bryant, Todd"]
[Black "Spitzl, Vinzent"]
[WhiteFideId "2031299"]
[BlackFideId "12901253"]
[WhiteElo "2075"]
[BlackElo "2225"]
[Result "0-1"]
[Round "11"]
[TimeControl "180+2"]
[Date "2023.05.02"]
[WhiteClock "0:00:05"]
[BlackClock "0:00:24"]

1. e4 c5 2. Nf3 d6 3. d4 cxd4 4. Nxd4 Nf6 5. Nc3 a6 6. Bg5 e6 7. f4 Qc7 8. Qe2 b5 9. a3 Bb7 10. O-O-O Nbd7 11. g4 Be7 12. Kb1 Rc8 13. Bh4 Nc5 14. Bxf6 Bxf6 15. h4 O-O 16. g5 Bxd4 17. Rxd4 e5 18. Rd1 exf4 19. Bh3 Rce8 20. Rhe1 Nxe4 21. Nxe4 Rxe4 22. Qd2 d5 23. Bf5 Rxe1 24. Rxe1 g6 25. Bd3 Qd6 26. h5 d4 27. Qe2 Bc6 28. h6 f3 29. Qe7 Qxe7 30. Rxe7 Re8 31. Rc7 Bd5 32. b3 f2 33. Kb2 Bg2 34. Rd7 f1=Q 35. Bxf1 Bxf1 36. Rxd4 f6 37. Rf4 Bh3 38. Rxf6 Re6 39. Rf3 Bf5 40. Rc3 Kf7 41. Rc7+ Re7 42. Rc6 Re2 43. Rc7+ Ke6 44. Rxh7 Rxc2+ 45. Ka1 Rg2 46. Ra7 Rxg5 47. Rxa6+ Ke5 48. Ra7 Rh5 49. Rh7 g5 50. Kb2 Bxh7 51. Kc3 Rxh6 52. Kb4 g4 53. Kc5 g3 54. a4 g2 55. a5 g1=Q+ 56. Kb4 Qd4+ 57. Ka3 Rh1 58. a6 Ra1# 0-1


[Site "https://www.chess.com"]

[Event "Titled Tuesday Blitz May 2 Late 2023"]
[White "Bogaudinov, Rushan"]
[Black "Graif, William"]
[WhiteFideId "4129288"]
[BlackFideId "2609835"]
[WhiteElo "1967"]
[BlackElo "2205"]
[Result "0-1"]
[Round "11"]
[TimeControl "180+2"]
[Date "2023.05.02"]
[WhiteClock "0:00:57"]
[BlackClock "0:00:05"]

1. e4 e5 2. d4 exd4 3. Nf3 Bc5 4. Bc4 Nf6 5. O-O O-O 6. Bg5 Be7 7. e5 Nh5 8. Bxe7 Qxe7 9. Qxd4 Nc6 10. Qc3 Nf4 11. Nbd2 d5 12. exd6 Qxd6 13. Ne4 Qg6 14. Ng3 Bg4 15. Ne5 Nxe5 16. Qxe5 Ne6 17. h3 Bxh3 18. gxh3 Rad8 19. Bxe6 fxe6 20. Qe4 Qg5 21. Qxe6+ Kh8 22. Rad1 Rde8 23. Qg4 Qc5 24. Rd7 Re7 25. Rxe7 Qxe7 26. Rd1 Qf6 27. Qe2 Qxb2 28. Rd7 Qxa2 29. Rxc7 b6 30. Qe7 Rg8 31. Nf5 Qa1+ 32. Kg2 a5 33. Nh6 gxh6+ 34. Kf3 Qg7 35. Qxg7+ Rxg7 36. Rc8+ Rg8 37. Rc7 Rg7 38. Rc8+ Rg8 39. Rc6 Ra8 40. Rxb6 a4 41. Rb2 Kg7 42. Ke4 Kf6 43. Ra2 Ke6 44. Ra3 Kd6 45. Kd4 Kc6 46. Kc4 Rf8 47. f3 Rf4+ 48. Kd3 Rxf3+ 0-1


[Site "https://www.chess.com"]

[Event "Titled Tuesday Blitz May 2 Late 2023"]
[White "Gabdushev, Ruslan"]
[Black "Liu, Eric"]
[WhiteFideId "4137833"]
[BlackFideId "30960240"]
[WhiteElo "2233"]
[BlackElo "2094"]
[Result "0-1"]
[Round "11"]
[TimeControl "180+2"]
[Date "2023.05.02"]
[WhiteClock "0:00:40"]
[BlackClock "0:00:59"]

1. b3 b6 2. Bb2 Bb7 3. e3 e6 4. f4 h5 5. Nf3 h4 6. Be2 h3 7. g3 Nf6 8. O-O c5 9. c4 d5 10. Qc2 Be7 11. Nc3 Nc6 12. a3 d4 13. Nd1 Qd7 14. Nf2 O-O-O 15. e4 d3 16. Bxd3 Kb8 17. Rae1 Ka8 18. Re3 Qc8 19. e5 Ne8 20. Be4 g6 21. Rd1 Nd4 22. Nxd4 cxd4 23. Ree1 d3 24. Bxd3 Bc5 25. Be4 Bd4 26. Bxd4 Rxd4 27. d3 f5 28. Bxb7+ Qxb7 29. Qc3 Qg2# 0-1


[Site "https://www.chess.com"]

[Event "Titled Tuesday Blitz May 2 Late 2023"]
[White "Ansh M Shah"]
[Black "Gutkin, Ilya"]
[WhiteFideId "25033379"]
[BlackFideId "16203470"]
[WhiteElo "2084"]
[BlackElo "2265"]
[Result "1-0"]
[Round "11"]
[TimeControl "180+2"]
[Date "2023.05.02"]
[WhiteClock "0:01:42"]
[BlackClock "0:00:01"]

1. d4 e6 2. c4 b6 3. g3 Bb7 4. Nf3 Bb4+ 5. Bd2 Bxf3 6. exf3 Bxd2+ 7. Qxd2 Ne7 8. Bg2 d5 9. f4 c6 10. Nc3 O-O 11. O-O Nd7 12. Rac1 Nf6 13. b3 Qd7 14. Rfd1 Rfd8 15. Qe2 Rac8 16. Bf1 g6 17. Bg2 h5 18. h4 Nf5 19. Bh3 dxc4 20. Bxf5 exf5 21. bxc4 Re8 22. Qf3 Ne4 23. d5 cxd5 24. Nxd5 Qe6 25. Re1 Red8 26. Qd3 Qd6 27. Qd4 Qc5 28. Qb2 Rc6 29. Kg2 Rcd6 30. f3 Nf6 31. Nxf6+ Rxf6 32. Qxf6 Rd2+ 33. Kh3 1-0


[Site "https://www.chess.com"]

[Event "Titled Tuesday Blitz May 2 Late 2023"]
[White "Bilan, Danila"]
[Black "Jodorcovsky Werjivker, Paulo"]
[WhiteFideId "24161918"]
[BlackFideId "3700305"]
[WhiteElo "2182"]
[BlackElo "2120"]
[Result "1-0"]
[Round "11"]
[TimeControl "180+2"]
[Date "2023.05.02"]
[WhiteClock "0:00:08"]
[BlackClock "0:00:05"]

1. d4 f5 2. Nf3 Nf6 3. g3 e6 4. Bg2 Be7 5. O-O O-O 6. c4 d6 7. Nc3 Ne4 8. Qc2 Nxc3 9. Qxc3 a5 10. b3 Nc6 11. Bb2 Bf6 12. Qc2 Qe7 13. e4 e5 14. dxe5 Nxe5 15. Nxe5 Bxe5 16. Bxe5 Qxe5 17. f4 Qc5+ 18. Qf2 Qxf2+ 19. Rxf2 fxe4 20. Bxe4 Rb8 21. Bd5+ Kh8 22. Re1 c6 23. Bg2 Bf5 24. Rfe2 a4 25. Re7 axb3 26. axb3 Kg8 27. h3 Rf7 28. g4 Bd7 29. Kh2 Kf8 30. Rxf7+ Kxf7 31. Kg3 Ra8 32. Rd1 Ke7 33. Be4 h6 34. Rd3 Ra2 35. h4 Re2 36. Bf3 Ra2 37. g5 hxg5 38. fxg5 Bf5 39. Re3+ Kf7 40. h5 Rd2 41. Kf4 Bc2 42. Be2 Rd4+ 43. Kg3 d5 44. Rf3+ Ke7 45. Re3+ Re4 46. Rxe4+ Bxe4 47. cxd5 Bxd5 48. b4 b6 49. Kf4 Ke6 50. Bg4+ Kd6 51. h6 gxh6 52. gxh6 Bg8 53. Bf5 c5 54. b5 c4 55. Ke3 Kc5 56. Bd7 Bh7 57. Kd2 Kb4 58. Kc1 Kc3 59. Bc6 Kb4 60. Bd7 c3 61. Bg4 Kxb5 62. Bd1 Kc4 63. Bc2 Bg8 64. Bb1 b5 65. Ba2+ Kd3 66. Bxg8 b4 67. h7 b3 68. Bxb3 c2 69. Bxc2+ Kc3 70. h8=Q+ 1-0


[Site "https://www.chess.com"]

[Event "Titled Tuesday Blitz May 2 Late 2023"]
[White "Ladan, Nicholas"]
[Black "Kohler, Aran"]
[WhiteFideId "30918855"]
[BlackFideId "1002856"]
[WhiteElo "2167"]
[BlackElo "2010"]
[Result "0-1"]
[Round "11"]
[TimeControl "180+2"]
[Date "2023.05.02"]
[WhiteClock "0:00:01"]
[BlackClock "0:00:27"]

1. a3 g6 2. g3 Bg7 3. Bg2 d6 4. Nf3 a6 5. d4 Nd7 6. c4 e5 7. Nc3 Ne7 8. O-O O-O 9. e4 exd4 10. Nxd4 Ne5 11. Qe2 Rb8 12. Be3 Bg4 13. f3 Bd7 14. Rad1 Kh8 15. h3 N5c6 16. Kh2 Nxd4 17. Bxd4 Bxd4 18. Rxd4 Nc6 19. Rd2 f5 20. f4 fxe4 21. Nxe4 Qe7 22. Qd3 Rbe8 23. Ng5 Qg7 24. Re2 h6 25. Nf3 Bf5 26. Qd2 Qf7 27. Rfe1 Rxe2 28. Qxe2 Bd7 29. Qd2 Kh7 30. Nh4 Re8 31. Be4 Ne7 32. Bxb7 Qxc4 33. Be4 Qf7 34. Qc2 Nf5 35. Bxf5 Bxf5 36. Qd2 Rxe1 37. Qxe1 Bd7 38. Nf3 Qf5 39. Qe7+ Kg8 40. Qd8+ Kg7 41. Qxc7 Qxh3+ 42. Kg1 Qxg3+ 0-1


[Site "https://www.chess.com"]

[Event "Titled Tuesday Blitz May 2 Late 2023"]
[White "Bruedigam, Martin"]
[Black "Kula, Robert"]
[WhiteFideId "24608033"]
[BlackFideId "1101218"]
[WhiteElo "2331"]
[BlackElo "2180"]
[Result "1-0"]
[Round "11"]
[TimeControl "180+2"]
[Date "2023.05.02"]
[WhiteClock "0:00:42"]
[BlackClock "0:00:25"]

1. d4 g6 2. e4 Bg7 3. Nf3 e6 4. c3 Ne7 5. Nbd2 O-O 6. Bc4 d5 7. Bb3 b6 8. O-O Bb7 9. e5 c5 10. a3 Nbc6 11. h4 h6 12. Re1 Nf5 13. Nf1 Nxh4 14. Nxh4 Qxh4 15. g3 Qe7 16. Ne3 Rac8 17. Bc2 cxd4 18. cxd4 Ba6 19. Kg2 h5 20. Rh1 Rc7 21. b4 Rfc8 22. Bb2 Nxd4 23. Bxd4 Bh6 24. Bd3 Bb7 25. Kh2 h4 26. Qg4 hxg3+ 27. Kxg3 Bg7 28. Rh3 Rc3 29. Rd1 Rxa3 30. Qh4 Qxb4 31. Kh2 Ra4 32. Nc2 Bxe5+ 33. Kg1 Qb3 34. Qh8+ Bxh8 35. Rxh8# 1-0


[Site "https://www.chess.com"]

[Event "Titled Tuesday Blitz May 2 Late 2023"]
[White "Stork, Oliver"]
[Black "Elissalt Cardenas, Hector"]
[WhiteFideId "12955728"]
[BlackFideId "3500632"]
[WhiteElo "2239"]
[BlackElo "2202"]
[Result "1/2-1/2"]
[Round "11"]
[TimeControl "180+2"]
[Date "2023.05.02"]
[WhiteClock "0:00:20"]
[BlackClock "0:00:04"]

1. b3 e5 2. Bb2 Nc6 3. c4 Nge7 4. e3 Ng6 5. d4 Bb4+ 6. Bc3 Bxc3+ 7. Nxc3 exd4 8. exd4 O-O 9. Be2 Nf4 10. g3 Nxe2 11. Ngxe2 d6 12. O-O Bh3 13. Re1 Bg4 14. Qd2 Qf6 15. Nd5 Qf3 16. Nef4 Bf5 17. Nxc7 Rac8 18. Ncd5 Be4 19. Rxe4 Qxe4 20. Rd1 Rfe8 21. Nh5 Qg6 22. Nhf4 Qe4 23. Nh5 Qf3 24. Nhf4 Re4 25. Re1 Rce8 26. Rxe4 Rxe4 27. Ne3 Nxd4 28. Nfd5 Ne2+ 29. Kf1 Nd4 30. Kg1 Ne2+ 31. Kf1 Nd4 32. Kg1 1/2-1/2


[Site "https://www.chess.com"]

[Event "Titled Tuesday Blitz May 2 Late 2023"]
[White "Ferriz Barrios, Andres"]
[Black "Urbina Perez, Juan Antonio"]
[WhiteFideId "5104467"]
[BlackFideId "2217368"]
[WhiteElo "2102"]
[BlackElo "2197"]
[Result "1-0"]
[Round "11"]
[TimeControl "180+2"]
[Date "2023.05.02"]
[WhiteClock "0:00:48"]
[BlackClock "0:00:31"]

1. d4 Nf6 2. Nf3 e6 3. Nbd2 d5 4. e3 c5 5. c3 Nc6 6. Bd3 Bd6 7. O-O e5 8. dxc5 Bxc5 9. e4 O-O 10. Qe2 d4 11. Nb3 Bb6 12. Rd1 dxc3 13. bxc3 Qe7 14. a4 Na5 15. Ba3 Qe6 16. Nxa5 Bxa5 17. Bxf8 Kxf8 18. Bc4 Qe7 19. Qd3 Bg4 20. h3 Bh5 21. Bd5 Rd8 22. c4 Bg6 23. Qe2 Nh5 24. Rab1 b6 25. g3 Nf6 26. Qb2 Bh5 27. g4 Nxg4 28. hxg4 Bxg4 29. Qe2 Qf6 30. Kg2 Rd6 31. Qe3 h6 32. Rh1 Qe7 33. Kg3 h5 34. Qg5 Rf6 35. Nxe5 Bc3 36. Nxg4 hxg4 37. Rh8# 1-0


[Site "https://www.chess.com"]

[Event "Titled Tuesday Blitz May 2 Late 2023"]
[White "Jovic, Stanoje"]
[Black "Kalaiyalahan, Akshaya"]
[WhiteFideId "905020"]
[BlackFideId "422894"]
[WhiteElo "2236"]
[BlackElo "2043"]
[Result "1-0"]
[Round "11"]
[TimeControl "180+2"]
[Date "2023.05.02"]
[WhiteClock "0:00:21"]
[BlackClock "0:00:01"]

1. c4 g6 2. g3 Bg7 3. Bg2 e5 4. Nc3 Nc6 5. Nf3 Nge7 6. d3 O-O 7. O-O f5 8. Bg5 h6 9. Bxe7 Qxe7 10. Nd5 Qd8 11. Rb1 g5 12. b4 g4 13. Nh4 Nd4 14. e3 Ne6 15. e4 f4 16. Qxg4 c6 17. Nf5 cxd5 18. cxd5 Qg5 19. Qd1 Nd4 20. h4 Qf6 21. Bh3 d6 22. g4 Bxf5 23. gxf5 Qxh4 24. Kh2 f3 25. Rb2 Nxf5 26. exf5 Rxf5 27. Rg1 Raf8 28. Rg4 Qh5 29. Qg1 R8f7 30. Rc2 Kh7 31. Rc8 Rf4 32. Rxf4 Rxf4 33. Rc7 Qg5 34. Qxg5 hxg5 35. Kg3 Rd4 36. Bf5+ Kg8 37. Be4 Rxb4 38. Kxf3 Rb2 39. Rd7 Rxa2 40. Rxd6 g4+ 41. Kg3 b5 42. Rd8+ Kf7 43. Rd7+ Kg8 44. d6 b4 45. Bd5+ Kf8 46. Bxa2 1-0


[Site "https://www.chess.com"]